 Dungeon Crawl Stone Soup version 0.31-a0-636-ge1c0e020e0 (webtiles) character file.

Game seed: 12076763815981261020

8 Mickster the Chopper (level 2, -1/27 HPs)
             Began as a Hill Orc Berserker on Aug 27, 2023.
             Was a Follower of Trog.
             Slain by a hobgoblin (4 damage)
             ... on level 1 of the Dungeon.
             The game lasted 00:00:29 (49 turns).

Mickster the Chopper (Hill Orc Berserker)             Turns: 49, Time: 00:00:31

Health: -1/27      AC:  2    Str: 19    XL:     2   Next: 8%
Magic:  2/2        EV: 12    Int:  7    God:    Trog [*.....]
Gold:   0          SH:  0    Dex: 10    Spells: 1/1 levels left

rFire   . . .        a - +0 hand axe
rCold   . . .        (no shield)
rNeg    . . .        b - +0 animal skin
rPois   .            (no helmet)
rElec   .            (no cloak)
rCorr   .            (no gloves)
SInv    .            (no boots)
Will    .....        (no amulet)
Stlth   +            (no ring)
HPRegen 0.24/turn    (no ring)
MPRegen 0.08/turn

%: no passive effects
@: on berserk cooldown, slowed, very slow
A: no striking features
a: Renounce Religion, Berserk


You were on level 1 of the Dungeon.
You worshipped Trog.
Trog was aware of your devotion.
You visited 1 branch of the dungeon, and saw 1 of its levels.

Inventory:

Hand Weapons
 a - a +0 hand axe (weapon)
Armour
 b - a +0 animal skin (worn)
Scrolls
 c - a scroll of teleportation {unknown}


   Skills:
 + Level 3.9 Fighting
 + Level 4.3 Axes
 + Level 2.2 Armour
 + Level 1.6 Dodging


You had one spell level left.
You didn't know any spells.
Your spell library was empty.

Dungeon Overview and Level Annotations

Branches:
Dungeon (1/15)

Altars:


Message History

Things that are here:
a +0 club; a goblin corpse You barely miss the jackal.
You hit the quokka.
You kill the quokka!
Trog accepts your kill.
A hobgoblin comes into view.
The jackal closely misses you.
You barely miss the jackal. The jackal closely misses you.
You barely miss the jackal.
The jackal bites you but does no damage.
You closely miss the jackal. The jackal barely misses you.
You slash the jackal!
You kill the jackal!
Trog accepts your kill.
You have reached level 2!
You feel a strong urge to attack something.
You are no longer berserk.
You are exhausted.
You feel yourself slow down.
A hobgoblin comes into view.
The hobgoblin shouts!
An endoplasm comes into view.
The hobgoblin closely misses you. The hobgoblin misses you.
You hit the hobgoblin.
You kill the hobgoblin!
Trog accepts your kill.
You closely miss the hobgoblin. The hobgoblin barely misses you.
The hobgoblin closely misses you.
You closely miss the hobgoblin. The hobgoblin misses you.
The hobgoblin closely misses you. The endoplasm barely misses you.
You barely miss the hobgoblin. You hit the endoplasm. The hobgoblin hits you.
* * * LOW HITPOINT WARNING * * *
The endoplasm barely misses you.
You hit the hobgoblin.
The hobgoblin is severely wounded.
You hit the endoplasm. The hobgoblin closely misses you.
The endoplasm hits you.
* * * LOW HITPOINT WARNING * * *
The hobgoblin hits you.
You die... ♣PPP.#...........#... # ...♣P#.....#.#+#.#.# .. .PP.♣#.............#.# PPP

P#.#.#.#.#.......#
P.
♣P#.#.#...........#
♣
.P#...#.#...#####.#
♣♣♣#...#....)......#
#....†...##.#
#.#@.....#
#..#gJ....# #.
#......# .. .......#
.> .......##
###..).!...#
........ ........##


You could see an endoplasm and a hobgoblin.

Vanquished Creatures
  An endoplasm (D:1)
  A goblin (D:1)
  A hobgoblin (D:1)
  2 jackals (D:1)
  A quokka (D:1)
6 creatures vanquished.

Notes
Turn   | Place    | Note
-------+----------+-------------------------------------------
     0 | D:1      | Mickster the Hill Orc Berserker began the quest for the
                  | Orb.
     0 | D:1      | Reached XP level 1. HP: 19/19 MP: 1/1
    41 | D:1      | Reached XP level 2. HP: 4/27 MP: 2/2
    49 | D:1      | Slain by a hobgoblin

Illustrated notes

Levels and vault maps discovered:
D:1:      minmay_arrival_arboretum_small, layout_basic, minmay_tetromino_i2

Action                     || total
---------------------------++-------
  Melee: Hand axe          ||    19
 Invoke: Berserk           ||     1
 Armour: Animal skin       ||     1
  Dodge: Dodged            ||    19

Table legend: (Time is in decaauts)
 A = Elapsed time spent in this place.
 B = Non-inter-level travel time spent in this place.
 C = Inter-level travel time spent in this place.
 D = Time resting spent in this place.
 E = Time spent auto-exploring this place.
 F = Levels seen in this place.
 G = Mean time per level.
                   A        B        C        D        E       F      G
               +--------+--------+--------+--------+--------+-----+--------+
         Total |     49 |     49 |      0 |      0 |     15 |   1 |   49.0 |
       Dungeon |     49 |     49 |      0 |      0 |     15 |   1 |   49.0 |
               +--------+--------+--------+--------+--------+-----+--------+

Top non-repeatable levels by time:
     D:1: 49 daAuts
